 Dungeon Crawl Stone Soup version 0.30.1-9-gdf580d7c3d (webtiles) character file.

Game seed: 6138877651231545068

10799 Logoto the Arsonist (level 11, -3/85 HPs)
             Began as a Red Draconian Fire Elementalist on Oct 13, 2023.
             Was a Priest of Qazlal.
             Slain by an orc warlord
             ... wielding a +1 battleaxe
              (30 damage)
             ... on level 10 of the Dungeon.
             The game lasted 00:47:19 (12774 turns).

Logoto the Arsonist (DrFE)                         Turns: 12774, Time: 00:47:19

Health: -3/85      AC:  9    Str: 14    XL:     11   Next: 40%
Magic:  19/32      EV: 12    Int: 16    God:    Qazlal [***...]
Gold:   470        SH: 13    Dex: 12    Spells: 19/27 levels left

rFire   + . .        E - +3 hand axe "Orb Guardian's Foe" {heavy, MP+9}
rCold   . . .        v - +0 kite shield
rNeg    . . .        (body armour unavailable)
rPois   .            (helmet restricted)
rElec   .            (no cloak)
rCorr   .            (no gloves)
SInv    .            M - +1 pair of boots
Will    .....        k - amulet of regeneration
Stlth   ++           (no ring)
HPRegen 1.14/turn    (no ring)
MPRegen 0.23/turn

%: no passive effects
@: studying Earth Magic
A: breathe fire, AC +7, unfitting armour, fire resistance 1, cold-blooded
a: Breathe Fire, Renounce Religion, Upheaval, Elemental Force


You were on level 10 of the Dungeon.
You worshipped Qazlal.
Qazlal was most pleased with you.
You visited 3 branches of the dungeon, and saw 13 of its levels.

You collected 651 gold pieces.
You spent 181 gold pieces at shops.

Inventory:

Hand Weapons
 c - a +4 dagger of venom
 t - a +2 quarterstaff of chaos
 y - a +2 battleaxe of flaming
 E - the +3 hand axe "Orb Guardian's Foe" (weapon) {heavy, MP+9}
   (You found it on level 7 of the Dungeon)

   MP:        It affects your magic capacity (+9).
 G - a +2 whip of freezing
 O - a +4 falchion
 P - a +4 scimitar of flaming
Missiles
 B - 2 throwing nets
Armour
 v - a +0 kite shield (worn)
 M - a +1 pair of boots (worn)
Jewellery
 k - an amulet of regeneration (around neck)
 C - a ring of wizardry
 I - the Hermit's Pendant {Faith Invo=14 Evo=0 MP+5}
   (You took it off an orc on level 10 of the Dungeon)

   [amulet of faith]

   Invo=14: It sets your Invocations skill to 14.
   Evo=0: It sets your Evocations skill to 0.
   It allows you to gain divine favour quickly.
   MP:        It affects your magic capacity (+5).
Wands
 D - a wand of iceblast (14)
 F - a wand of flame (13)
 N - a wand of paralysis (5)
Scrolls
 d - 2 scrolls of butterflies {unknown}
 e - 3 scrolls of noise {unknown}
 h - 5 scrolls of fog {unknown}
 i - 2 scrolls of vulnerability {unknown}
 j - 3 scrolls of enchant weapon {unknown}
 l - 11 scrolls of identify
 m - 3 scrolls of poison {unknown}
 p - 3 scrolls of teleportation
 r - a scroll of blinking {unknown}
 x - a scroll of magic mapping {unknown}
 J - a scroll of fear {unknown}
 L - 2 scrolls of amnesia {unknown}
 Q - a scroll of brand weapon {unknown}
Potions
 a - a potion of magic
 b - 2 potions of brilliance {unknown}
 f - 2 potions of ambrosia {unknown}
 g - 5 potions of degeneration {unknown}
 n - 11 potions of curing
 q - 3 potions of haste {unknown}
 s - a potion of attraction {unknown}
 u - 3 potions of might {unknown}
 w - a potion of mutation {unknown}
 z - 2 potions of cancellation {unknown}
 A - a potion of lignification {unknown}
 H - 2 potions of berserk rage {unknown}
 K - 2 potions of flight {unknown}


   Skills:
 + Level 4.9 Fighting
 + Level 3.4 Short Blades
 + Level 5.3(5.6) Axes
 + Level 2.5(4.3) Polearms
 + Level 5.6 Dodging
 + Level 3.6 Stealth
 + Level 4.3 Shields
 + Level 8.7 Spellcasting
 + Level 5.7 Conjurations
 + Level 10.9 Fire Magic


You had 19 spell levels left.
You knew the following spells:

 Your Spells              Type           Power      Damage    Failure   Level
a - Foxfire               Conj/Fire      100%       2x1d9     1%          1
b - Scorch                Fire           82%        2d8       1%          2
c - Freeze                Ice            24%        1d4       32%         1
d - Flame Wave            Conj/Fire      33%        2d10      11%         4

Your spell library contained the following spells:

 Spells                   Type           Power      Damage    Failure   Level
 Inner Flame              Hex/Fire       24%        N/A       11%         3
 Volatile Blastmotes      Fire/Tloc      48%        2d14      11%         3
 Hailstorm                Conj/Ice       16%        3d6       30%         3
 Call Canine Familiar     Summ           6%         N/A       67%         3
 Frozen Ramparts          Ice            12%        1d2       67%         3
 Portal Projectile        Hex/Tloc       12%        N/A       67%         3
 Tukima's Dance           Hex            6%         N/A       67%         3
 Irradiate                Conj/Tmut      8%         3d14      95%         5
 Leda's Liquefaction      Hex/Erth       3%         N/A       97%         4
 Blade Hands              Tmut           3%         N/A       100%        5
 Yara's Violent Unravell  Hex/Tmut       3%         3d4       100%        5
 Dragon Form              Tmut           3%         N/A       100%        7
 Enfeeble                 Hex            3%         N/A       100%        7


Dungeon Overview and Level Annotations

Branches:
Dungeon (11/15)            Temple (1/1) D:7             Orc (1/2) D:10
   Lair: D:8-11

Altars:
Ashenzari
Cheibriados
Dithmenos
Elyvilon
Fedhas
Gozag
Hepliaklqana
Kikubaaqudgha
Makhleb
Nemelex Xobeh
Okawaru
Qazlal
Ru
Sif Muna
Trog
Uskayaw
Vehumet
Wu Jian
Xom
Yredelemnul
Zin
The Shining One

Shops:
D:1 (=[   D:2 ?!=   D:5 !   D:6 ?   D:11 (


Innate Abilities, Weirdness & Mutations

You can breathe blasts of fire.
Your fiery red scales are hard. (AC +7)
You cannot fit into any form of body armour.
Your flesh is heat resistant. (rF+)
You are cold-blooded and may be slowed by cold attacks.


Message History

You see here a +0 dagger.
There is a dry fountain here.
You see here a +0 dagger.
There is an open door here.
There is an open door here.
There is an open door here.
You hear a shout!
There is an open door here.
Casting: Scorch (safe; 1% risk of failure)
Confirm with . or Enter, or press ? or * to list all spells.
Flames lash the orc warlord but do no damage.
Casting: Scorch (safe; 1% risk of failure)
Confirm with . or Enter, or press ? or * to list all spells.
Flames lash the orc warlord but do no damage.
The orc warlord hits you with a +1 battleaxe!
Casting: Scorch (safe; 1% risk of failure)
Confirm with . or Enter, or press ? or * to list all spells.
Flames lash the orc warlord but do no damage.
The orc warlord hits you with a +1 battleaxe!!
Casting: Scorch (safe; 1% risk of failure)
Confirm with . or Enter, or press ? or * to list all spells.
Flames lash the orc warlord.
The orc warlord is lightly wounded.
The orc warlord's fire resistance burns away.
You block the orc warlord's attack.
Casting: Scorch (safe; 1% risk of failure)
Confirm with . or Enter, or press ? or * to list all spells.
Flames lash the orc warlord.
The orc warlord is burned terribly!
The orc warlord is lightly wounded.
The orc warlord hits you with a +1 battleaxe!
Casting: Scorch (safe; 1% risk of failure)
Confirm with . or Enter, or press ? or * to list all spells.
Flames lash the orc warlord.
The orc warlord is lightly wounded.
The orc warlord hits you with a +1 battleaxe!
Casting: Scorch (safe; 1% risk of failure)
Confirm with . or Enter, or press ? or * to list all spells.
Flames lash the orc warlord but do no damage.
The orc warlord hits you with a +1 battleaxe!!
You die...

#....>.......##.'........###...#<
#........###############.##..###.
#........#.............#.'..## ##
#........#.............#.####
######'###.......^.....### #....#
#.............#
##.######....[........#
#.......#.............###
#.......'......@o.....'.# ####
#.......#......☼......#.#####...
#....[..#.............#.....#...
#..<....#.............#.###.#...
#.......#.............#.# #.....
#.......#.[...........#.# ###...
#.......#.............### ####
##[#################### #. #.).##
#..## ###'


You could see an orc warlord (combustible).

Vanquished Creatures
  Erica (D:10)
  Pikel (D:8)
  Joseph (D:9)
  A hornet (D:7)
  3 trolls
  12 yaks
  A vampire (D:11)
  2 wraiths
  A water elemental (D:11)
  2 steam dragons
  4 wyverns
  2 water moccasins
  2 acid dragons (D:11)
  9 orc warriors
  A black bear (D:6)
  5 ice beasts
  4 centaurs
  3 ogres
  3 phantoms
  Blork the orc (D:4)
  5 bullfrogs
  2 kobold brigands
  3 gnoll sergeants
  4 scorpions
  4 wights (D:9)
  5 killer bees (D:9)
  A jelly (D:5)
  10 orc priests
  Crazy Yiuf (D:4)
  2 iguanas
  2 sleepcaps (D:5)
  24 orc wizards
  16 gnolls
  6 adders
  A shadow imp (D:7)
  2 white imps
  2 worms (D:2)
  2 dart slugs (D:1)
  78 orcs
  4 ball pythons
  5 bats
  3 endoplasms
  3 giant cockroaches
  5 goblins
  7 hobgoblins
  9 kobolds
  4 quokkas
  3 frilled lizards
  4 rats
  A foxfire (D:11)
277 creatures vanquished.

Vanquished Creatures (others)
  A wizard (D:6)
  615 foxfires
616 creatures vanquished.

Grand Total: 893 creatures vanquished

Notes
Turn   | Place    | Note
-------+----------+-------------------------------------------
     0 | D:1      | Logoto the Draconian Fire Elementalist began the quest for
                  | the Orb.
     0 | D:1      | Reached XP level 1. HP: 14/14 MP: 3/3
    26 | D:1      | Found Zaiskuk's Jewellery Shop.
    83 | D:1      | Reached XP level 2. HP: 20/20 MP: 3/5
   156 | D:1      | Found Ziskishe's Weapon Boutique.
   719 | D:2      | Found Utu Geip's Jewellery Boutique.
   747 | D:2      | Reached XP level 3. HP: 26/26 MP: 2/6
   850 | D:2      | Found Ukeossal's Magic Scroll Shop.
   949 | D:2      | Found Atumadi's Distillery.
   958 | D:2      | Bought a potion of curing for 33 gold pieces
   958 | D:2      | Bought a potion of heal wounds for 55 gold pieces
   958 | D:2      | Bought a potion of curing for 33 gold pieces
  1220 | D:2      | Reached XP level 4. HP: 34/34 MP: 4/7
  1322 | D:3      | Found a faded altar of an unknown god.
  1571 | D:3      | Found an opulent altar of Gozag.
  1690 | D:3      | Reached skill level 1 in Short Blades
  2118 | D:4      | Noticed Blork the orc
  2126 | D:4      | Killed Blork the orc
  2127 | D:4      | Reached XP level 5. HP: 39/39 MP: 0/9
  2439 | D:4      | Reached skill level 1 in Fighting
  2439 | D:4      | Reached skill level 4 in Fire Magic
  2442 | D:4      | HP: 1/40 [orc priest/+0 dagger (4)]
  2584 | D:3      | Learned a level 2 spell: Scorch
  2610 | D:4      | Noticed a phantom
  2632 | D:4      | Killed a phantom
  2633 | D:4      | Reached XP level 6. HP: 42/47 MP: 2/10
  2844 | D:4      | Found a runed translucent door.
  2845 | D:4      | Noticed Crazy Yiuf
  2854 | D:4      | Killed Crazy Yiuf
  3270 | D:5      | Entered Level 5 of the Dungeon
  3340 | D:5      | Found Fybbuiko's Distillery.
  3438 | D:5      | Noticed an ice beast
  3473 | D:5      | Your scales start taking on a fiery red colour.
  3473 | D:5      | Reached skill level 5 in Fire Magic
  3473 | D:5      | Reached XP level 7. HP: 56/56 MP: 8/12
  3473 | D:5      | Gained mutation: Your flesh is heat resistant. (rF+) [Red
                  | Draconian growth]
  3906 | D:5      | Reached skill level 6 in Fire Magic
  4127 | D:5      | Reached XP level 8. HP: 63/63 MP: 1/14
  4323 | D:6      | Identified the +5 dagger of the Supporting Enemy {venom,
                  | rF- rC+ MP-9 Str+9}
  4523 | D:6      | Reached skill level 5 in Spellcasting
  4569 | D:5      | Reached skill level 7 in Fire Magic
  4631 | D:5      | Reached skill level 1 in Shields
  4779 | D:6      | Found Muno Qesu's Magic Scroll Shop.
  4915 | D:6      | Bought a scroll of teleportation for 36 gold pieces
  4915 | D:6      | Bought a scroll of identify for 24 gold pieces
  5131 | D:6      | Reached skill level 1 in Polearms
  5131 | D:6      | Reached XP level 9. HP: 53/70 MP: 9/17
  5458 | D:6      | Found a bloodstained altar of Trog.
  5463 | D:6      | Noticed a wizard
  5468 | D:6      | Killed a wizard
  5965 | D:7      | Reached skill level 8 in Fire Magic
  6057 | D:7      | Found an ornate altar of the Wu Jian Council.
  6282 | D:7      | Found a staircase to the Ecumenical Temple.
  6302 | Temple   | Entered the Ecumenical Temple
  6316 | Temple   | Became a worshipper of Qazlal Stormbringer
  6756 | D:7      | Identified the +3 hand axe "Orb Guardian's Foe" {heavy,
                  | MP+9}
  7522 | D:8      | Noticed Pikel
  7544 | D:8      | Killed Pikel
  7545 | D:8      | Reached skill level 1 in Axes
  7685 | D:8      | Reached XP level 10. HP: 59/78 MP: 20/20
  7998 | D:8      | Reached * piety under Qazlal
  8316 | D:9      | Learned a level 1 spell: Freeze
  8340 | D:9      | Noticed Joseph
  8366 | D:9      | Killed Joseph
  8374 | D:9      | Reached skill level 5 in Conjurations
  8652 | D:9      | Reached skill level 9 in Fire Magic
  8801 | D:9      | You fall into a shaft and drop 2 floors!
  8830 | D:11     | Found Izxureq's Weapon Emporium.
  8980 | D:11     | HP: 2/80 [acid dragon (8)]
  9626 | D:11     | Reached skill level 5 in Dodging
  9822 | D:11     | Reached ** piety under Qazlal
  9823 | D:11     | Reached skill level 10 in Fire Magic
  9838 | D:10     | Entered Level 10 of the Dungeon
 10330 | D:9      | Reached XP level 11. HP: 85/85 MP: 23/23
 10713 | D:10     | Reached *** piety under Qazlal
 11078 | D:10     | Found a staircase to the Orcish Mines.
 11210 | D:10     | Found a broken altar of Ashenzari.
 11727 | D:10     | Noticed Erica
 11788 | D:10     | Killed Erica
 11789 | D:10     | Reached skill level 5 in Axes
 12359 | Orc:1    | Entered Level 1 of the Orcish Mines
 12359 | Orc:1    | Noticed an orc warlord
 12602 | D:10     | Learned a level 4 spell: Flame Wave
 12774 | D:10     | Slain by an orc warlord

Illustrated notes

Levels and vault maps discovered:
D:1:      dpeg_arrival_rhombus, layout_rooms, serial_shops, shop,
          nicolae_shop_temple_entry_statues_fountains,
          nicolae_shop_gaudy_bauble, minmay_fountain_box
D:2:      layout_basic, serial_shops, shop, shop, nicolae_lakefront_shop
D:3:      layout_basic, grunt_gozag_breadcrumbs, ebering_ecumenical_altar_box
D:4:      layout_loops_cross, uniq_blork_the_orc, uniq_crazy_yiuf_cottage
D:5:      layout_cave_pools, serial_shops, nicolae_shop_industrial_runoff
D:6:      layout_gridville, trog_wizard, serial_shops,
          nicolae_shop_pleasant_corner_grove, hangedman_decor_push,
          minmay_manual_monstrance
D:7:      layout_basic, nicolae_wu_jian_wuxing_cycle,
          minmay_temple_entry_offerings, nicolae_eternal_life,
          chequers_serial_rivers_micro_e
D:8:      layout_loops_ring, uniq_pikel
D:9:      layout_roguey, uniq_joseph
D:10:     layout_roguey, mainiacjoe_overflow_paths, hiddenorc2_lemuel,
          serial_corexii_hall, corexii_hall_statues_u, corexii_hall_statues_i,
          kennysheep_generic_room_2, uniq_erica
D:11:     layout_basic, erik_lair_dragon, serial_shops,
          nicolae_shop_bloodbath_and_beyond, hive_lemuel
Temple:   eino_narrow_crystal_temple
Orc:1:    dreamdust_wu_jian_sword_trials, layout_caves, gammafunk_ghost_grave,
          serial_shops, nicolae_shop_rolled_up, basic_altar, lightli_orcish_oven

Skill      XL: |  1  2  3  4  5  6  7  8  9 10 11 |
---------------+----------------------------------+-----
Dodging        | 2 3 4 5 |  5.6
Stealth        | 2 3 |  3.6
Short Blades   | 1 2 3 |  3.4
Conjurations   | 2 3 4 5 |  5.7
Fighting       | 1 2 3 4 |  4.9
Fire Magic     | 4 5 6 7 8 10 | 10.9
Spellcasting   | 3 4 5 7 8 |  8.7
Shields        | 1 3 4 |  4.3
Polearms       | 1 2 |  2.5
Axes           | 2 4 5 |  5.3

Action                     |  1- 3 |  4- 6 |  7- 9 | 10-12 || total
---------------------------+-------+-------+-------+-------++-------
  Melee: Short sword       |     8 |       |       |       ||     8
         Dagger            |    43 |    57 |    39 |       ||   139
         Tailslap          |     2 |     5 |    23 |    24 ||    54
         Punch             |     2 |       |     1 |       ||     3
         Spear             |       |       |    74 |       ||    74
         Hand axe          |       |       |    36 |   167 ||   203
   Cast: Foxfire           |    32 |    52 |   147 |   173 ||   404
         Scorch            |       |     2 |    44 |   141 ||   187
Ability: Breathe Fire      |       |       |     1 |       ||     1
    Use: Scroll            |       |       |       |     3 ||     3
         Potion            |       |       |       |     3 ||     3
   Stab: Sleeping          |     2 |       |     3 |       ||     5
 Armour: Skin              |    12 |    19 |    73 |    85 ||   189
  Dodge: Dodged            |    34 |    40 |   120 |   157 ||   351
  Block: Kite shield       |       |       |    98 |   224 ||   322
